 Dungeon Crawl Stone Soup version 0.25.1-2-g60ff931df9 (webtiles) character file.

Game seed: 15485724860631812082

252 H0rd4k the Magician (level 5, -4/28 HPs)
             Began as a Deep Elf Wizard on Nov 9, 2020.
             Slain by a killer bee (6 damage)
             ... on level 4 of the Dungeon.
             The game lasted 00:09:34 (4993 turns).

H0rd4k the Magician (Deep Elf Wizard)               Turns: 4993, Time: 00:09:35

Health: -4/28      AC:  5    Str:  4    XL:     5   Next: 89%
Magic:  10/16      EV: 12    Int: 24    God:
Gold:   211        SH:  0    Dex: 13    Spells: 9/18 levels left

rFire    . . .     SeeInvis .   (no weapon)
rCold    + . .     Gourm    .   (no shield)
rNeg     . . .     Faith    .   o - +2 leather armour {rC+}
rPois    .         Spirit   .   b - +0 hat
rElec    .         Reflect  .   (no cloak)
rCorr    .         Harm     .   (no gloves)
MR       .....                  (no boots)
Stlth    ++........             (no amulet)
HPRegen  0.09/turn              (no ring)
MPRegen  0.15/turn              (no ring)

@: lethally poisoned (-4 -> -17), about to teleport, invisible
A: no striking features
a: no special abilities


You were on level 4 of the Dungeon.
You were not hungry.

You visited 1 branch of the dungeon, and saw 4 of its levels.

You collected 211 gold pieces.

Inventory:

Armour
 b - a +0 hat (worn)
 o - a +2 leather armour of cold resistance (worn)
Scrolls
 a - a scroll of noise {unknown}
 e - 3 scrolls of immolation
 h - 3 scrolls of identify
 i - a scroll of enchant weapon {unknown}
 j - 3 scrolls of teleportation
 l - a scroll of enchant armour {unknown}
 m - 4 scrolls of amnesia {unknown}
Potions
 c - a potion of resistance
 g - a potion of invisibility
 k - a potion of haste {unknown}
Comestibles
 d - 5 rations


   Skills:
 + Level 2.8 Dodging
 + Level 3.0 Stealth
 + Level 7.0 Spellcasting
 + Level 2.9 Conjurations
   Level 1.1 Summonings
 + Level 1.3 Translocations
 + Level 1.0 Fire Magic
 + Level 1.0 Air Magic
 * Level 1.6 Poison Magic


You had 9 spell levels left.
You knew the following spells:

 Your Spells              Type           Power        Failure   Level  Hunger
a - Magic Dart            Conj           ###.         3%          1    None
b - Blink                 Tloc           N/A          11%         2    None
c - Conjure Flame         Conj/Fire      ###.....     17%         3    None
d - Mephitic Cloud        Conj/Pois/Air  ###.....     19%         3    None

Your spell library contained the following spells:

 Spells                   Type           Power        Failure   Level  Hunger
 Call Imp                 Summ           ##......     12%         2    None
 Slow                     Hex            #.......     19%         2    None


Dungeon Overview and Level Annotations

Branches:
Dungeon (4/15)
 Temple: D:4-7

Altars:
Xom
Zin
The Shining One


Message History

The killer bee barely misses you.
Casting: Magic Dart (safe; 3% risk of failure)
Confirm with . or Enter, or press ? or * to list all spells.
You blink.
* * * LOW HITPOINT WARNING * * *
You feel sick.
Okay, then.
Unknown command.
Unknown command.
Casting: Blink (safe; 11% risk of failure)
Confirm with . or Enter, or press ? or * to list all spells.
You blink.
* * * LOW HITPOINT WARNING * * *
You feel sick. The killer bee barely misses you.
It was a potion of invisibility.
You fade into invisibility!
* * * LOW HITPOINT WARNING * * *
You feel sick. The killer bee misses you. The killer bee barely misses you.
The killer bee stings you.
You die...

########### ##########
..........#############.........
.$).......'..yy@.'....#.........
..........#...yy.#....#.........
..^.......#########'###.........
..........................####..
..........................# #..
....yy....................# #..
..........................# #..
..........###+#####+########....
..........+ +....


You could see 4 killer bees.

Vanquished Creatures
  A crimson imp (D:4)
  An orc wizard (D:4)
  A worker ant (D:4)
  Robin (D:2)
  5 adders
  4 worms
  4 dart slugs
  4 leopard geckos
  7 orcs
  12 bats
  A giant cockroach (D:2)
  19 goblins
  5 hobgoblins
  A quokka (D:4)
  6 frilled lizards
  6 kobolds
  6 rats
84 creatures vanquished.

Vanquished Creatures (others)
  A hobgoblin (D:3)
1 creature vanquished.

Grand Total: 85 creatures vanquished

Notes
Turn   | Place    | Note
-------+----------+-------------------------------------------
     0 | D:1      | H0rd4k the Deep Elf Wizard began the quest for the Orb.
     0 | D:1      | Reached XP level 1. HP: 10/10 MP: 7/7
   162 | D:1      | Reached skill level 5 in Spellcasting
   162 | D:1      | Reached XP level 2. HP: 15/15 MP: 1/10
   955 | D:1      | Reached XP level 3. HP: 19/19 MP: 9/12
   959 | D:1      | Learned a level 2 spell: Blink
   963 | D:1      | Learned a level 3 spell: Conjure Flame
   967 | D:1      | Learned a level 3 spell: Mephitic Cloud
  1489 | D:2      | Noticed Robin
  1959 | D:2      | Reached skill level 1 in Air Magic
  2628 | D:2      | Reached XP level 4. HP: 24/24 MP: 10/13
  2640 | D:2      | Reached skill level 1 in Fire Magic
  2751 | D:2      | Noticed an angel
  2752 | D:2      | Found a shimmering altar of Xom.
  2752 | D:2      | Found a glowing silver altar of Zin.
  3206 | D:2      | Killed Robin
  3348 | D:3      | Reached skill level 6 in Spellcasting
  4103 | D:3      | Reached XP level 5. HP: 28/28 MP: 9/15
  4344 | D:3      | Reached skill level 1 in Poison Magic
  4721 | D:4      | Reached skill level 7 in Spellcasting
  4899 | D:4      | Found a glowing golden altar of the Shining One.
  4993 | D:4      | Slain by a killer bee

Illustrated notes

Levels and vault maps discovered:
D:1:      beargit_arrival_greenhouse, layout_basic
D:2:      layout_rooms, grunt_temple_overflow_order_and_chaos_1, uniq_robin
D:3:      layout_loops_ring, first_ration, grunt_decor_cap, hex_large,
          lemuel_old_faithful
D:4:      layout_gridville, lemuel_coloured_pillars_altar, uniq_eustachio

Skill      XL: |  1  2  3  4  5 |
---------------+----------------+-----
Spellcasting   | 5 6 7 |  7.0
Air Magic      | 1 |  1.0
Fire Magic     | 1 |  1.0
Conjurations   | 2 |  2.9
Poison Magic   | 1 |  1.6
Stealth        | 3 |  3.0
Dodging        | |  2.8
Summonings     | |  1.1
Translocations | |  1.3

Action                   |  1- 3 |  4- 6 || total
-------------------------+-------+-------++-------
Melee: Unarmed           |     3 |       ||     3
 Cast: Magic Dart        |   136 |   149 ||   285
       Conjure Flame     |     1 |     1 ||     2
       Mephitic Cloud    |     1 |       ||     1
       Blink             |       |     6 ||     6
  Use: Scroll            |       |     3 ||     3
       Potion            |       |     1 ||     1
 Stab: Distracted        |     1 |       ||     1
  Eat: Chunk             |     4 |     8 ||    12
Armor: Robe              |     4 |     2 ||     6
       Leather armour    |       |     3 ||     3
Dodge: Dodged            |    23 |    17 ||    40
